[Event "*** Titled Tuesday Blitz"]
[Site "Chess.com"]
[Date "2020.04.07"]
[Round "6"]
[White "VeraLevel"]
[Black "ChadaevNikolay"]
[Result "1-0"]
[WhiteElo "2727"]
[BlackElo "2882"]
[TimeControl "180+1"]
[EndTime "14:07:24 PDT"]
[Termination "VeraLevel won by resignation"]

1. d4 Nf6 2. c4 e6 3. Nc3 Bb4 4. e3 O-O 5. Ne2 d5 6. a3 Bd6 7. Ng3 b6 8. Be2 Bb7 9. O-O Re8 10. Qc2 a6 11. b4 dxc4 12. Bxc4 Nbd7 13. Rd1 Ng4 14.
Nce4 Qh4 15. h3 Nxf2 16. Qxf2 Bxe4 17. Nxe4 Qxe4 18. Bd3 Qd5 19. e4 Qh5 20. Be2 Qg6 21.
e5 Bf8 22. Bd3 f5 23. Kh2 c5 24. g4 cxd4 25. Bf4 Qf7 26. gxf5 exf5 27. Qxd4 b5 28.
Bb1 Nxe5 29. Bxe5 Kh8 30. Ba2 Qe7 31. Re1 Rad8 32. Qf4 Qd7 33. Re2 Qd3 34. Rae1 Re7 35. Bb1 Qxa3 36. Qxf5 1-0

[Event "*** Titled Tuesday Blitz"]
[Site "Chess.com"]
[Date "2020.04.07"]
[Round "6"]
[White "Gajuchess"]
[Black "pedromartinez91"]
[Result "1-0"]
[WhiteElo "2682"]
[BlackElo "2501"]
[TimeControl "180+1"]
[EndTime "14:07:24 PDT"]
[Termination "Gajuchess won by resignation"]

1. d4 Nf6 2. Nf3 e6 3. g3 b6 4.
Bg2 Bb7 5. c4 Be7 6. O-O O-O 7.
Nc3 Na6 8. d5 Bb4 9. Bg5 Bxc3 10. bxc3 h6 11. Bh4 Nc5 12. Qd4 d6 13. Bxf6 Qxf6 14. Qxf6 gxf6 15. Nd4 e5 16. Nf5 Bc8 17. Ne3 Re8 18. g4 Bd7 19. h3 a6 20. Rfb1 b5 21. f3 Reb8 22. Kf2 Rb6 23. Rb4 a5 24. Rb2 b4 25. cxb4 axb4 26. Rab1 Kf8 27. Bf1 Ke7 28.
Kg3 Ra3 29. Nc2 Ne4+ 30. Kh4 Nc3 31. Nxa3 bxa3 32. Rxb6 cxb6 33. Rb3 Nxa2 34. Rxa3 Nb4 35. Rb3 Nc2 36. Kg3 f5 37. gxf5 Bxf5 38. e4 Bd7 39. Rxb6 f5 40. exf5 Bxf5 41. c5 dxc5 42. d6+ Ke6 43. Bc4+ Kd7 44. Bb5+ Ke6 45. d7+ Ke7 46.
Rb8 Bxd7 47. Rb7 1-0

[Event "*** Titled Tuesday Blitz"]
[Site "Chess.com"]
[Date "2020.04.07"]
[Round "6"]
[White "vova-79"]
[Black "Ovsiannikov_Maxim"]
[Result "1/2-1/2"]
[WhiteElo "2420"]
[BlackElo "2228"]
[TimeControl "180+1"]
[EndTime "14:07:24 PDT"]
[Termination "Game drawn by stalemate"]

1. d4 d5 2. c4 Nc6 3. cxd5 Qxd5 4. e3 e5 5. Nc3 Bb4 6. Bd2 Bxc3 7. Bxc3 exd4 8.
Ne2 Nf6 9. Nxd4 Nxd4 10. Qxd4 Be6 11. Qxd5 Bxd5 12. f3 b6 13. e4 Bb7 14. Bc4 Ke7 15.
O-O-O Rhd8 16. Rxd8 Rxd8 17. Rd1 Rxd1+ 18. Kxd1 g6 19. Ke2 Ne8 20. Ke3 Nd6 21. Be2 c5 22. g4 f6 23. e5 fxe5 24. Bxe5 Bd5 25. b3 a5 26. Kf4 h6 27. h4 a4 28. Bd1 axb3 29. axb3 b5 30. Bg7 Nf7 31. Bc2 g5+ 32. hxg5 hxg5+ 33. Ke3 c4 34. b4 Nd8 35. Be5 Nc6 36. Bc3 Kf7 37. f4 gxf4+ 38. Kxf4 Nd8 39.
Ke5 Bf3 40. g5 Bh5 41. Kd6 Bg6 42. Bd1 Ne6 43. Bf6 Nf4 44. Kc5 Bd3 45. Bc3 Ne6+ 46.
Kxb5 Nxg5 47. Kc5 Ne4+ 48. Kd4 Nxc3 49. Kxc3 Ke6 50. Kd4 Kd6 51. Bf3 Bf1 52. Be4 Kc7 53.
Bd5 Kb6 54. Bxc4 Bxc4 55. Kxc4 Kc6 56. b5+ Kb6 57. Kb4 Kb7 58. Kc5 Kc7 59. b6+ Kb7 60. Kb5 Kb8 61. Kc6 Kc8 62. b7+ Kb8 63. Kb6 1/2-1/2

[Event "*** Titled Tuesday Blitz"]
[Site "Chess.com"]
[Date "2020.04.07"]
[Round "6"]
[White "zacachess"]
[Black "keepitcoming"]
[Result "0-1"]
[WhiteElo "2288"]
[BlackElo "2517"]
[TimeControl "180+1"]
[EndTime "14:07:25 PDT"]
[Termination "keepitcoming won by resignation"]

1. e4 c6 2. d4 d5 3. Nc3 dxe4 4. Nxe4 Nf6 5. Ng3 h5 6. Bc4 h4 7.
N3e2 Bf5 8. h3 e6 9. Nf3 Be4 10. Nf4 Bxf3 11. Qxf3 Qxd4 12. Bd3 Bb4+ 13. Kf1 Bd6 14.
c3 Qb6 15. Bc4 Nbd7 16. Bxe6 Ne5 17. Qd1 Rd8 18. Bb3 Kf8 19. Be3 Qa6+ 20. Kg1 Nc4 21.
Qf3 Nxb2 22. Bd4 Rh6 23. Re1 c5 24. Bxf6 Rxf6 25. Qh5 Kg8 26. Bxf7+ Rxf7 27. Ng6 Rfd7 28. Qh8+ Kf7 29. Qh5 Bh2+ 30. Kxh2 Qxg6 31. Qxh4 Nd3 32.
Re3 Qd6+ 33. g3 Qf6 34. Qc4+ Rd5 35. f4 Nb2 36. Qe4 Rd2+ 37. Re2 Rxe2+ 38. Qxe2 Qxc3 39. Re1 Rd2 0-1

[Event "*** Titled Tuesday Blitz"]
[Site "Chess.com"]
[Date "2020.04.07"]
[Round "6"]
[White "Perecke"]
[Black "MacDaddyMac"]
[Result "1-0"]
[WhiteElo "2162"]
[BlackElo "2288"]
[TimeControl "180+1"]
[EndTime "14:07:25 PDT"]
[Termination "Perecke won by checkmate"]

1. e4 e5 2. Nf3 Nc6 3. d4 exd4 4. Bc4 d6 5. O-O Nf6 6. Nxd4 Nxd4 7. Qxd4 Be7 8. Nc3 O-O 9. h3 Be6 10. Be3 a6 11. Rad1 b5 12. Bxe6 fxe6 13. e5 Nd7 14. exd6 cxd6 15. Qg4 e5 16. Ne4 Nf6 17. Qe6+ Kh8 18.
Nxd6 Bxd6 19. Rxd6 Qc7 20. Qxe5 Rfe8 21. Qd4 Qxc2 22. Rd1 Qg6 23. Qb6 Qc2 24. R6d2 Qc4 25. Rd8 Qxa2 26. Rxa8 Rxa8 27. Rd8+ Rxd8 28. Qxd8+ Qg8 29.
Qb6 Qa8 30. Bd4 Nd5 31. Qd6 a5 32. Qd7 Nf6 33. Qxb5 Ne4 34. Qe5 Nf6 35. Qe7 Ne8 36. Qf8# 1-0

[Event "*** Titled Tuesday Blitz"]
[Site "Chess.com"]
[Date "2020.04.07"]
[Round "6"]
[White "wild_cat99"]
[Black "Fins0905"]
[Result "0-1"]
[WhiteElo "2530"]
[BlackElo "2738"]
[TimeControl "180+1"]
[EndTime "14:07:26 PDT"]
[Termination "Fins0905 won by resignation"]

1. Nf3 d5 2. e3 c5 3. c4 e6 4.
Nc3 Nf6 5. b3 d4 6. exd4 cxd4 7.
Na4 Nc6 8. Bb2 e5 9. d3 Bb4+ 10.
Nd2 a5 11. a3 Bd6 12. Be2 O-O 13. O-O Bf5 14. c5 Bc7 15. Nc4 Nd5 16. Bf3 Nf4 17.
Be4 Bxe4 18. dxe4 Qg5 19. Qf3 Ne6 20. Bc1 Qe7 21. Nab6 Ra7 22. Nd5 Qxc5 23. Qg4 Kh8 24. Qf5 b5 25. Nf6 gxf6 26. Qxf6+ Ng7 27. Bh6 Rg8 28. Rac1 bxc4 29. Rxc4 Qd6 30. Rxc6 Qxf6 31. Rxf6 Bd8 32. Rd6 Ne6 33. Rd5 Bg5 34. Bxg5 Rxg5 35.
f3 Nf4 36. Rd8+ Rg8 37. g3 Rxd8 0-1

[Event "*** Titled Tuesday Blitz"]
[Site "Chess.com"]
[Date "2020.04.07"]
[Round "6"]
[White "kai_nov"]
[Black "JakeCarlosBanawa"]
[Result "1-0"]
[WhiteElo "2229"]
[BlackElo "2382"]
[TimeControl "180+1"]
[EndTime "14:07:26 PDT"]
[Termination "kai_nov won on time"]

1. d4 Nf6 2. c4 e6 3. Nc3 Bb4 4. f3 d5 5. a3 Bxc3+ 6. bxc3 c5 7. e3 Nc6 8. cxd5 exd5 9. Bd3 b6 10. Ne2 O-O 11. O-O Re8 12. Ng3 Bb7 13. Ra2 Na5 14.
Raf2 Rc8 15. Re1 cxd4 16. cxd4 Nc4 17. e4 dxe4 18. fxe4 Qxd4 19. Nf5 Qc5 20. Nxg7 Kxg7 21. Qf3 Re6 22. Bxc4 Qxc4 23. Bb2 Rcc6 24. Qg3+ Kf8 25.
Ref1 Qc5 26. Kh1 Qe7 27. h3 Ke8 28. Qg7 Nd7 29. Rxf7 Qd6 30. Qg8+ 1-0

[Event "*** Titled Tuesday Blitz"]
[Site "Chess.com"]
[Date "2020.04.07"]
[Round "6"]
[White "Gerasimenyuk_Miha"]
[Black "cassoulet"]
[Result "0-1"]
[WhiteElo "2372"]
[BlackElo "2717"]
[TimeControl "180+1"]
[EndTime "14:07:27 PDT"]
[Termination "cassoulet won by resignation"]

1. d4 g6 2. Nf3 Bg7 3. Bg5 Nf6 4. e3 d5 5. Nbd2 Nbd7 6. Bd3 c6 7. c3 O-O 8. h4 Re8 9. h5 e5 10. dxe5 Nxe5 11. Nxe5 Rxe5 12. Nf3 Bg4 13. h6 Rxg5 14. hxg7 Rh5 15. Rxh5 Bxh5 16. Qc2 Bxf3 17. gxf3 Kxg7 18. O-O-O Qe7 19. Rg1 Qe5 20. f4 Qh5 21. f5 Re8 22. fxg6 hxg6 23. Qb3 b5 24. Qb4 Qh2 25. Rf1 Re6 26. Qc5 a6 27. a4 Nd7 28. Qa7 Ne5 29.
Be2 Rf6 30. Qd4 Nc4 31. Bxc4 bxc4 32. f4 Qg2 33. Rd1 Qg4 34. Kb1 Qf5+ 35. Ka2 Kg8 36. Qa7 Qh5 37. Rg1 Qh2 38. Re1 Kg7 39. Qb8 Re6 40. a5 Qh4 41. Re2 Qe7 42. Rh2 Qe8 43. Qb6 Rxe3 44. Qd4+ f6 45. f5 Re4 46. Qa7+ Re7 47.
Qxa6 c5 48. fxg6 Qa4+ 0-1

[Event "*** Titled Tuesday Blitz"]
[Site "Chess.com"]
[Date "2020.04.07"]
[Round "6"]
[White "Bigfish1995"]
[Black "StephenDedalus83"]
[Result "0-1"]
[WhiteElo "2951"]
[BlackElo "2754"]
[TimeControl "180+1"]
[EndTime "14:07:28 PDT"]
[Termination "StephenDedalus83 won on time"]

1. d4 g6 2. h4 Nf6 3. Nc3 d5 4. Bf4 Bg7 5. e3 c5 6. Nf3 Nc6 7. Bb5 O-O 8. Ne5 Qb6 9. Bxc6 bxc6 10. Na4 Qa5+ 11. c3 cxd4 12. Nxc6 Qb5 13. Nxd4 Qa6 14. Nc5 Qb6 15. Nd3 Nd7 16. Nc2 e5 17. Bg3 a5 18.
O-O Ba6 19. Re1 f5 20. Qd2 Rad8 21. Rad1 Bxd3 22. Qxd3 Nc5 23. Qe2 Qxb2 24. Nd4 Qxe2 25. Nxe2 Rd7 26. Rb1 Rc8 27. Rb5 a4 28. Rd1 Kf7 29.
f3 Ke6 30. Kf2 Bf8 31. Rd2 Rb7 32. Ra5 Bd6 33. h5 gxh5 34. Bh4 Rc6 35. Ng3 Bc7 0-1

[Event "*** Titled Tuesday Blitz"]
[Site "Chess.com"]
[Date "2020.04.07"]
[Round "6"]
[White "GadimbayliA"]
[Black "maciek_92"]
[Result "1-0"]
[WhiteElo "2925"]
[BlackElo "2722"]
[TimeControl "180+1"]
[EndTime "14:07:28 PDT"]
[Termination "GadimbayliA won on time"]

1. e4 c5 2. Nf3 e6 3. d4 cxd4 4.
Nxd4 Nc6 5. Nc3 a6 6. Nxc6 bxc6 7.
Be3 Nf6 8. g3 Rb8 9. Bg2 d5 10.
O-O Rxb2 11. Na4 Rb4 12. c3 Rb5 13. exd5 cxd5 14. c4 dxc4 15. Bc6+ Bd7 16. Bxb5 axb5 17. Nb6 Ba3 18. Qf3 O-O 19. Rfd1 Qe7 20. Nxd7 Nxd7 21. Qc6 Ne5 22. Qxb5 Nd3 23. Qxc4 Nb2 24. Qc6 Nxd1 25. Rxd1 g6 26. Rd7 Qb4 27. Kg2 Kg7 28. Bd4+ Kg8 29. Bf6 Bb2 30. Rb7 Qxb7 31. Qxb7 Bxf6 32. a4 Rd8 33. a5 Rd2 34. a6 Bd4 35. Qb8+ Kg7 36. Qf4 Rd1 37. h4 e5 38. Qf3 Rd2 39. h5 gxh5 40.
Qa3 Rxf2+ 41. Kh3 e4 42. Qb4 1-0

[Event "*** Titled Tuesday Blitz"]
[Site "Chess.com"]
[Date "2020.04.07"]
[Round "6"]
[White "TregubovP"]
[Black "fugadelafuga"]
[Result "1-0"]
[WhiteElo "2477"]
[BlackElo "2311"]
[TimeControl "180+1"]
[EndTime "14:07:28 PDT"]
[Termination "TregubovP won on time"]

1. e4 c5 2. Nf3 Nc6 3. c3 Nf6 4. e5 Nd5 5. d4 cxd4 6. cxd4 d6 7. Bc4 Nb6 8. Bb5 dxe5 9. Nxe5 Bd7 10. Nxd7 Qxd7 11.
Nc3 e6 12. O-O Be7 13. Qg4 O-O 14. Rd1 Rfd8 15. Bh6 Bf8 16. Ne4 Nd5 17. Nc5 Qc7 18. Bg5 Re8 19. Rac1 Qb6 20. Bxc6 Qxc6 21. h4 Rac8 22.
h5 b6 23. Ne4 Qa4 24. Nf6+ Nxf6 25. Bxf6 Rxc1 26. Rxc1 Kh8 27. Be5 f6 28. h6 fxe5 29.
Rc7 g6 30. Qf3 Be7 31. Rxe7 1-0

[Event "*** Titled Tuesday Blitz"]
[Site "Chess.com"]
[Date "2020.04.07"]
[Round "6"]
[White "fidezivkovic"]
[Black "narutosmith"]
[Result "0-1"]
[WhiteElo "2327"]
[BlackElo "2211"]
[TimeControl "180+1"]
[EndTime "14:07:29 PDT"]
[Termination "narutosmith won by resignation"]

1. e4 c5 2. Nc3 e6 3. Nge2 a6 4. g3 b5 5. Bg2 Bb7 6. d4 cxd4 7. Nxd4 Qc7 8. O-O Nc6 9. Nxc6 Bxc6 10. Re1 Nf6 11. Nd5 Qb7 12. Bg5 Ng8 13. Qd4 Qa7 14.
Qc3 f6 15. Be3 Qb7 16. Nb4 Bxe4 17. Bxe4 Qxe4 18. Bd4 Qb7 19. Rad1 Ne7 20. Qd3 Kf7 21. Bc5 Rd8 22. Rxe6 Kxe6 23. Qb3+ d5 24. Bxe7 Bxe7 25. Nxd5 Rxd5 26. Re1+ Kf7 27. c4 Re5 28. cxb5+ Qd5 29. Rxe5 Qxb3 30. Rxe7+ Kxe7 31. axb3 axb5 0-1

[Event "*** Titled Tuesday Blitz"]
[Site "Chess.com"]
[Date "2020.04.07"]
[Round "6"]
[White "ahappypawn"]
[Black "Funkmaus"]
[Result "1-0"]
[WhiteElo "2340"]
[BlackElo "2190"]
[TimeControl "180+1"]
[EndTime "14:07:29 PDT"]
[Termination "ahappypawn won by resignation"]

1. d4 c6 2. c4 d5 3. Nf3 Nf6 4. e3 Bg4 5. h3 Bh5 6. Nc3 e6 7. g4 Bg6 8. Ne5 Nfd7 9. Nxg6 hxg6 10. Bd2 Be7 11. Bg2 dxc4 12. a4 a5 13. Qe2 Nb6 14. f4 Bh4+ 15. Kf1 Be7 16. Rd1 Na6 17. e4 Nb4 18.
Be3 Qc7 19. d5 exd5 20. exd5 O-O 21. d6 Bxd6 22. Bxb6 Qb8 23. f5 Re8 24. Qxc4 gxf5 25. gxf5 Bg3 26. Bf3 Qe5 27. Kg2 Bh4 28. Qxh4 c5 29. Rhe1 Qf6 30. Qxf6 gxf6 31. Rxe8+ Rxe8 32. Bxc5 1-0

[Event "*** Titled Tuesday Blitz"]
[Site "Chess.com"]
[Date "2020.04.07"]
[Round "6"]
[White "Fandorine"]
[Black "Micki-taryan"]
[Result "0-1"]
[WhiteElo "2975"]
[BlackElo "3082"]
[TimeControl "180+1"]
[EndTime "14:07:30 PDT"]
[Termination "Micki-taryan won by resignation"]

1. e4 e5 2. Nf3 Nc6 3. d4 exd4 4. Nxd4 Bc5 5. Nb3 Bb6 6. Nc3 d6 7. Qe2 a5 8. a4 Nb4 9. Bf4 Nf6 10. O-O-O O-O 11. Kb1 Be6 12. f3 Nd7 13. Nd4 Bxd4 14. Rxd4 Nc5 15. Qd2 Nc6 16. Rd5 Bxd5 17. Nxd5 Nxa4 18.
h4 Nb4 19. Bg5 f6 20. Be3 Nxd5 21. Qxd5+ Kh8 22. h5 h6 23. Bd3 Qe7 24. f4 Nc5 25.
Bxc5 dxc5 26. Qf5 Rad8 27. e5 Rxd3 28. cxd3 fxe5 29. Qxe5 Qxe5 30. fxe5 Kg8 31. Kc2 Rf2+ 32. Kc3 Kf7 33. d4 cxd4+ 34. Kxd4 Rxb2 35. g4 Ke6 36. Rc1 c6 37. Rf1 Rb4+ 0-1

[Event "*** Titled Tuesday Blitz"]
[Site "Chess.com"]
[Date "2020.04.07"]
[Round "6"]
[White "Noukii"]
[Black "LiemLe"]
[Result "1-0"]
[WhiteElo "2752"]
[BlackElo "2939"]
[TimeControl "180+1"]
[EndTime "14:07:31 PDT"]
[Termination "Noukii won by resignation"]

1. d4 Nf6 2. Nf3 e6 3. Bg5 h6 4.
Bxf6 Qxf6 5. e4 d6 6. c3 Nd7 7. a4 e5 8. dxe5 dxe5 9. Nbd2 a5 10. Be2 Bc5 11. O-O O-O 12. Qc2 Re8 13. Nb3 Bb6 14.
Nfd2 Nc5 15. Nc4 Be6 16. Nbd2 Nd7 17. Nxb6 Nxb6 18. Rad1 Red8 19. Nf3 Rd7 20. Rxd7 Bxd7 21. b3 Bc6 22. Rd1 Re8 23. Bb5 Qe6 24. c4 Nd7 25.
Bxc6 Qxc6 26. Rd5 b6 27. Qd1 Nf6 28. Rxe5 Rxe5 29. Nxe5 Qxe4 30. Qd8+ Kh7 31. Qd3 Kg8 32.
Qd8+ Kh7 33. Qd3 g6 34. Qxe4 Nxe4 35. Nd3 Kg7 36. f3 Nd2 37. Nc1 Nb1 38. Kf2 Kf6 39. Ke3 Nc3 40. Kd3 Nd1 41. Kd2 Nf2 42. Ke2 Nh1 43.
Nd3 Kf5 44. Kf1 g5 45. Kg1 g4 46. Kxh1 gxf3 47. gxf3 1-0

[Event "*** Titled Tuesday Blitz"]
[Site "Chess.com"]
[Date "2020.04.07"]
[Round "6"]
[White "AlexOstrovskiy"]
[Black "vugarrasulov"]
[Result "0-1"]
[WhiteElo "2608"]
[BlackElo "2768"]
[TimeControl "180+1"]
[EndTime "14:07:33 PDT"]
[Termination "vugarrasulov won on time"]

1. d4 Nf6 2. Bg5 c5 3. d5 Ne4 4.
h4 Qb6 5. Nd2 Nxd2 6. Bxd2 d6 7.
e4 Nd7 8. Bc3 Nf6 9. f3 h5 10. Ne2 g6 11. a4 Bh6 12. a5 Qc7 13. Bd2 Bg7 14. Nc3 O-O 15. Bc4 Bd7 16. O-O Nh7 17. Qe1 Rab8 18. Kh1 b5 19. axb6 axb6 20. Qe2 b5 21. Nxb5 Bxb5 22. Bxb5 Bxb2 23. Ra6 Bf6 24. g3 Ra8 25. Kg2 Rfb8 26. Rc6 Qb7 27. Bc4 Qb2 28. Bc1 Qb4 29. f4 Ra4 30. Bd3 Ra2 31. e5 Bg7 32. exd6 exd6 33. f5 gxf5 34. Rxf5 Qg4 35. Qxg4 hxg4 36. Bf4 Ra1 37. Bxd6 Rbb1 38. Rc8+ Nf8 39. Bxf8 Rg1+ 40. Kf2 Bd4+ 41. Ke2 Rge1+ 0-1

[Event "*** Titled Tuesday Blitz"]
[Site "Chess.com"]
[Date "2020.04.07"]
[Round "6"]
[White "pooh2012"]
[Black "vinniethepooh"]
[Result "1-0"]
[WhiteElo "2485"]
[BlackElo "2611"]
[TimeControl "180+1"]
[EndTime "14:07:33 PDT"]
[Termination "pooh2012 won by resignation"]

1. Nf3 d5 2. g3 c6 3. Bg2 Bg4 4. O-O Nd7 5. d3 Ngf6 6. Qe1 e5 7. e4 d4 8. Nbd2 Bd6 9. h3 Bh5 10. Nh4 Bg6 11. Nc4 Bc7 12. a4 Nh5 13. Nf5 O-O 14. Qb4 b6 15. Ne7+ Kh8 16. Nxc6 Qe8 17. Ne7 Nc5 18. Nd5 Bd8 19. a5 Rb8 20. axb6 axb6 21.
g4 Nf6 22. Nxf6 Bxf6 23. f4 exf4 24. Bxf4 Ra8 25. Rxa8 Qxa8 26. Nxb6 Qc6 27. e5 Qe6 28. exf6 Rd8 29. fxg7+ Kxg7 30. Qxc5 f6 31. Qc7+ 1-0

[Event "*** Titled Tuesday Blitz"]
[Site "Chess.com"]
[Date "2020.04.07"]
[Round "6"]
[White "czasnaszachy"]
[Black "BobSacIt"]
[Result "0-1"]
[WhiteElo "2319"]
[BlackElo "2195"]
[TimeControl "180+1"]
[EndTime "14:07:33 PDT"]
[Termination "BobSacIt won on time"]

1. d4 Nf6 2. c4 d6 3. Nc3 g6 4. e4 Bg7 5. f3 O-O 6. Bg5 c5 7. d5 h6 8. Be3 Nbd7 9. Qd2 Kh7 10. Nh3 a6 11. a4 b6 12. Nf2 Ne5 13. Be2 Bd7 14.
O-O g5 15. Rfd1 Ng6 16. Bf1 Nh5 17. g3 Qc8 18. Kh1 Be5 19. Ne2 Bg7 20. Bg2 Rh8 21.
Rg1 Ne5 22. Qc2 Kg8 23. h3 f5 24. exf5 Bxf5 25. Qb3 Nf6 26. g4 Bg6 27. f4 Nexg4 28. hxg4 Nxg4 29. Nxg4 Qxg4 30. Bf2 gxf4 31. Qf3 h5 32.
Bh3 Qxf3+ 0-1

[Event "*** Titled Tuesday Blitz"]
[Site "Chess.com"]
[Date "2020.04.07"]
[Round "6"]
[White "SahajGrover"]
[Black "BillieKimbah"]
[Result "1-0"]
[WhiteElo "2683"]
[BlackElo "2850"]
[TimeControl "180+1"]
[EndTime "14:07:34 PDT"]
[Termination "SahajGrover won by resignation"]

1. d4 Nf6 2. Bf4 c5 3. e3 Qb6 4.
Na3 Nd5 5. Nc4 Qe6 6. Bg3 cxd4 7. Qxd4 Nc6 8. Qd2 Nf6 9. Bd3 d5 10. Na3 Ne4 11. Bxe4 Qxe4 12. Nb5 Qxg2 13. Nc7+ Kd8 14.
Nxd5 Bg4 15. Nf4+ Kc8 16. Nxg2 e5 17. f3 Be6 18. a3 Be7 19. Ne2 Rd8 20. Qc3 f6 21. b4 a6 22. Kf2 Kc7 23. Rhd1 Rdc8 24. f4 Kb8 25. fxe5 fxe5 26. Bxe5+ Ka7 27. Bd4+ Kb8 28.
Nef4 Bg4 29. Rd2 g5 30. Nd5 Rf8+ 31. Kg1 Bd6 32. Bc5 Be5 33. Rd4 Re8 34. Rb1 Bf3 35. Nb6 Bxd4 36. exd4 g4 37. b5 a5 38.
bxc6 Re2 39. c7+ Kxc7 40. Nxa8+ Kd8 41. Nf4 Re4 42. Bb6+ Ke8 43. Re1 Kf7 44. Rxe4 Bxe4 45.
Qc7+ 1-0

[Event "*** Titled Tuesday Blitz"]
[Site "Chess.com"]
[Date "2020.04.07"]
[Round "6"]
[White "GMBenjaminFinegold"]
[Black "Vamostodorecto"]
[Result "1-0"]
[WhiteElo "2566"]
[BlackElo "2413"]
[TimeControl "180+1"]
[EndTime "14:07:34 PDT"]
[Termination "GMBenjaminFinegold won by resignation"]

1. d4 d5 2. c4 c6 3. Nf3 dxc4 4. e3 b5 5. a4 e6 6. b3 Bb4+ 7. Bd2 Bxd2+ 8. Qxd2 a5 9. bxc4 b4 10. Bd3 Nf6 11. Qe2 O-O 12. e4 Nfd7 13. e5 Bb7 14. h4 c5 15. Bxh7+ Kxh7 16. Ng5+ Kg6 17.
Rh3 f5 18. Nxe6 Qe7 19. Rg3+ Kh7 20. Qh5+ Kg8 21. Rxg7+ Qxg7 22. Nxg7 Kxg7 23. Qg5+ Kh8 24. e6 Nf6 25. e7 Rf7 26. Qxf6+ Rxf6 27. e8=Q+ Kg7 28. Qe7+ Rf7 29. Qg5+ Kf8 30. Nd2 cxd4 31. O-O-O Nc6 32. Nb3 Rc8 33. Nc5 Ne5 34. Qh6+ Ke8 35. Qh8+ Rf8 36. Qxe5+ 1-0

[Event "*** Titled Tuesday Blitz"]
[Site "Chess.com"]
[Date "2020.04.07"]
[Round "6"]
[White "Vugar_Manafov"]
[Black "rasmussvane"]
[Result "0-1"]
[WhiteElo "2673"]
[BlackElo "2875"]
[TimeControl "180+1"]
[EndTime "14:07:35 PDT"]
[Termination "rasmussvane won by resignation"]

1. d4 d5 2. Nf3 Nf6 3. Bf4 e6 4. e3 Bd6 5. Bg3 O-O 6. Nbd2 c5 7. c3 Qc7 8. Bd3 Nbd7 9. O-O Bxg3 10. hxg3 e5 11.
dxe5 Nxe5 12. Nxe5 Qxe5 13. Re1 Rd8 14. Qa4 Bf5 15. Bxf5 Qxf5 16. Qf4 Qe6 17. e4 d4 18. c4 Nd7 19. e5 Re8 20. Qh4 Rad8 21. f4 f5 22. b3 h6 23. Nf3 Nb8 24. Qh5 Nc6 25. Nh4 Ne7 26. g4 Rf8 27. g5 g6 28. Qxh6 Rf7 29.
Nxg6 Nxg6 30. Qh4 Nxh4 0-1

[Event "*** Titled Tuesday Blitz"]
[Site "Chess.com"]
[Date "2020.04.07"]
[Round "6"]
[White "XDPS"]
[Black "ahkashefi2800"]
[Result "1-0"]
[WhiteElo "2708"]
[BlackElo "2233"]
[TimeControl "180+1"]
[EndTime "14:07:35 PDT"]
[Termination "XDPS won on time"]

1. Nf3 Nf6 2. b3 d5 3. Bb2 Bf5 4. g3 e6 5. Bg2 c6 6. O-O Nbd7 7. d3 Be7 8. Nbd2 h6 9. Ne5 Nxe5 10. Bxe5 O-O 11.
e4 dxe4 12. dxe4 Bh7 13. Qe2 Nd7 14. Bb2 Qa5 15. Nc4 Qa6 16. Rad1 Nb6 17. Qg4 Bg6 18.
Ne5 h5 19. Qf4 Qxa2 20. Nxg6 fxg6 21. Qe5 Bf6 22. Qxe6+ Kh7 23. Bxf6 Rxf6 24. Qe7 Qxc2 25. Rc1 Qb2 26. Rb1 Qc2 27. f4 Raf8 28. e5 R6f7 29.
Qb4 Rd8 30. Be4 Qd2 31. Qxd2 Rxd2 32. Rf2 Rxf2 33. Kxf2 Rd7 34. h3 Kh6 35. g4 g5 36.
f5 Rd2+ 37. Ke3 Rh2 38. Rh1 Rxh1 39. Bxh1 hxg4 40. hxg4 Kh7 41. Kd4 Kg8 42. Kc5 Kf7 43. Kd6 Ke8 44. Be4 Nd7 45. Bd3 b6 46. Bc4 1-0

[Event "*** Titled Tuesday Blitz"]
[Site "Chess.com"]
[Date "2020.04.07"]
[Round "6"]
[White "violetflower04"]
[Black "JulAnt"]
[Result "0-1"]
[WhiteElo "2210"]
[BlackElo "2424"]
[TimeControl "180+1"]
[EndTime "14:07:35 PDT"]
[Termination "JulAnt won by resignation"]

1. e4 c5 2. Nf3 e6 3. d4 cxd4 4. Nxd4 Nf6 5. Nc3 d6 6. Bd3 Nc6 7. Be3 Be7 8. O-O O-O 9. f4 a6 10. a4 Qc7 11. Kh1 Nxd4 12. Bxd4 e5 13. Bg1 exf4 14. Rxf4 Be6 15. Qe2 Nd7 16. Nd5 Bxd5 17. exd5 Bf6 18. c3 g6 19. Raf1 Be5 20. Rh4 f5 21.
Qd2 Nf6 22. Rf3 Rae8 23. Qg5 Qg7 24. Rfh3 Ng4 25. Rxg4 fxg4 26. Qxg4 Rf4 27. Qd1 Ref8 28. Be3 Qf6 29. Bxf4 Bxf4 30. Rf3 Qe5 31. g3 Bg5 32. Rxf8+ Kxf8 33. Qf3+ Kg7 34. Kg2 Bc1 35. Qf2 Qxd5+ 36.
Kf1 Qxd3+ 37. Kg2 Qd2 38. Qxd2 Bxd2 39. Kf3 0-1

[Event "*** Titled Tuesday Blitz"]
[Site "Chess.com"]
[Date "2020.04.07"]
[Round "6"]
[White "jmduque"]
[Black "1977Ivan"]
[Result "0-1"]
[WhiteElo "2512"]
[BlackElo "2714"]
[TimeControl "180+1"]
[EndTime "14:07:36 PDT"]
[Termination "1977Ivan won on time"]

1. e4 d6 2. d4 Nf6 3. Nc3 e5 4. Nf3 Nbd7 5. g4 d5 6. exd5 Bb4 7. dxe5 Qe7 8. Bf4 O-O 9. Qd4 Bc5 10. Qd2 Nxg4 11.
Bg3 Ndxe5 12. Nxe5 Nxe5 13. O-O-O f6 14. Be2 Bf5 15.
Rhg1 Kh8 16. Qf4 Bg6 17. h4 Bd6 18. Qd2 Qf7 19. f4 Nd7 20. h5 Bf5 21. Rg2 Nc5 22.
Bf3 Rfe8 23. Rdg1 Re7 24. Bh4 Qf8 25. Qd4 Nd7 26. h6 g6 27. Be4 Bc5 28. Qd3 Bxg1 29. Bxf5 Be3+ 30. Kb1 gxf5 31. Qxf5 Bd4 32. Ne4 Rae8 33.
Re2 Qf7 34. c3 Qg6 35. Bxf6+ Bxf6 0-1

[Event "*** Titled Tuesday Blitz"]
[Site "Chess.com"]
[Date "2020.04.07"]
[Round "6"]
[White "aquaticpineapples"]
[Black "Usurpov"]
[Result "1-0"]
[WhiteElo "2248"]
[BlackElo "2435"]
[TimeControl "180+1"]
[EndTime "14:07:36 PDT"]
[Termination "aquaticpineapples won by resignation"]

1. d4 Nf6 2. Nf3 g6 3. Nbd2 Bg7 4. e4 d6 5. Bd3 O-O 6. O-O c5 7. c3 cxd4 8. cxd4 Nc6 9. a3 Bg4 10. h3 Bxf3 11. Nxf3 Rc8 12. d5 Nb8 13. Be3 a6 14. Qb3 b5 15. a4 bxa4 16. Qxa4 Nfd7 17. Rfb1 Nc5 18. Bxc5 Rxc5 19. Bxa6 Nxa6 20. Qxa6 Qb8 21. Ra2 Qb4 22. Qa4 Rb8 23. Ne1 Qxa4 24. Rxa4 Rcb5 25.
b4 Rc5 26. Nd3 Rc3 27. Nf4 Be5 28. Ne2 Rc4 29. f3 Rc2 30. Kf1 h5 31. b5 h4 32. b6 Rb7 33. Ra7 Rb8 34. b7 1-0

[Event "*** Titled Tuesday Blitz"]
[Site "Chess.com"]
[Date "2020.04.07"]
[Round "6"]
[White "AminMolaei"]
[Black "MFBerna"]
[Result "1-0"]
[WhiteElo "2527"]
[BlackElo "2328"]
[TimeControl "180+1"]
[EndTime "14:07:38 PDT"]
[Termination "AminMolaei won on time"]

1. d4 Nf6 2. c4 e6 3. Nc3 d5 4. Bg5 Be7 5. cxd5 exd5 6. e3 c6 7. Bd3 O-O 8. Qc2 Nbd7 9. Nge2 Re8 10. f3 Nf8 11. Bh4 c5 12. O-O c4 13. Bf5 a6 14.
Rad1 b5 15. a3 Be6 16. Nf4 Bd6 17. Nfxd5 Bxd5 18. Nxd5 Bxh2+ 19. Kxh2 Qxd5 20. e4 Qc6 21. d5 Qc7+ 22. Bg3 Qb6 23. e5 Nh5 24. f4 Qh6 25. Bh3 Ng6 26. Qf5 Nxg3 27. Kxg3 Qh4+ 28. Kh2 Rad8 29. d6 Nf8 30. g3 Qh6 31. Kg2 Ne6 32.
Bg4 Qg6 33. Rfe1 1-0

[Event "*** Titled Tuesday Blitz"]
[Site "Chess.com"]
[Date "2020.04.07"]
[Round "6"]
[White "GMHess"]
[Black "Alliswell998"]
[Result "1-0"]
[WhiteElo "2760"]
[BlackElo "2531"]
[TimeControl "180+1"]
[EndTime "14:07:40 PDT"]
[Termination "GMHess won by checkmate"]

1. b3 Nf6 2. Bb2 a5 3. c4 a4 4. bxa4 e6 5. Nf3 Nc6 6. e3 Be7 7. d4 O-O 8. Nc3 d5 9. c5 b6 10. Bb5 Na5 11. cxb6 c6 12. Bd3 Qxb6 13. Rb1 Ba6 14.
Ne5 Rfb8 15. O-O Qc7 16. Qc2 h6 17. Bxa6 Rxa6 18. Rfc1 Bd6 19. Ba1 Rab6 20. Nb5 Qe7 21. Nxd6 Qxd6 22. Rxb6 Rxb6 23. Bc3 Ra6 24. Bxa5 Rxa5 25.
Nxc6 Ra8 26. h3 Ne4 27. a5 Qa3 28. Rb1 g6 29. Qb3 Qd6 30. Qb7 Rf8 31. a6 Qa3 32. a7 Qxa2 33. Rb2 Qa1+ 34. Kh2 Nd6 35. Qb8 Nc4 36.
Qxf8+ Kxf8 37. Rb8+ Kg7 38. a8=Q Qe1 39. Rg8+ Kf6 40. Qd8+ Kf5 41. Qh4 Nxe3 42. Ne7# 1-0